 Dungeon Crawl Stone Soup version 0.30-a0-218-gedb9141078 (webtiles) character file.

Game seed: 3736021085809959607

131146 purpskrrrp the Bludgeoner (level 16, -2/187 HPs)
             Began as a Troll Fighter on Oct 5, 2022.
             Was the Champion of Dithmenos.
             Slain by a seven-headed hydra (8 damage)
             ... on level 3 of the Swamp.
             The game lasted 01:24:32 (24740 turns).

purpskrrrp the Bludgeoner (Troll Fighter)          Turns: 24740, Time: 01:24:32

Health: -2/187     AC: 28    Str: 34    XL:     16   Next: 54%
Magic:  25/25      EV:  3    Int:  7    God:    Dithmenos [******]
Gold:   1464       SH: 29    Dex:  4    Spells: 15/15 levels left

rFire   . . .      SeeInvis .    A - +10 morningstar "Eos" {elec, Halo rElec}
rCold   + . .      Faith    .    K - +10 tower shield of Ignorance {rN+ Int-4}
rNeg    + + .      Spirit   .    I - +1 gold dragon scales of Sorcery {Rampage rElec rPois rF+ rC+ rCorr}
rPois   +          Reflect  +    Y - +3 hat of Pondering {ponderous, Will+ MP+10 Int+5}
rElec   +          Harm     .    h - +2 cloak of Disguise {rPois Will- rCorr Int+2}
rCorr   +          Rampage  +    (gloves unavailable)
Will    ++++.                    (boots unavailable)
Stlth   ..........               d - amulet of reflection
HPRegen 1.31/turn                W - ring "Caozero" {Fly rF- rN+ Will+++ rCorr Dex-5}
MPRegen 0.19/turn                E - +4 ring of slaying

@: flying, studying 2 skills, slow
A: large, unfitting armour, claws 3, regeneration 1, shaggy fur 1, tough skin 1,
mutation resistance 1, robust 1
a: Renounce Religion, Shadow Step, Shadow Form


You were on level 3 of the Swamp.
You worshipped Dithmenos.
Dithmenos was exalted by your worship.
You visited 6 branches of the dungeon, and saw 27 of its levels.
You also visited: Sewer, Bailey and Volcano.

You collected 4308 gold pieces.
You spent 2844 gold pieces at shops.

Inventory:

Hand Weapons
 A - the +10 morningstar "Eos" (weapon) {elec, Halo rElec}
   (You found it on level 7 of the Dungeon)

   It occasionally discharges a powerful burst of electricity upon striking a
   foe.
   It grants its wielder a halo, revealing invisible creatures and increasing
   accuracy against all within it other than the wielder.
   rElec:     It insulates you from electricity.
 S - a +1 giant spiked club of venom
Missiles
 x - 6 throwing nets (quivered)
Armour
 h - the +2 cloak of Disguise (worn) {rPois Will- rCorr Int+2}
   (You acquired it on level 15 of the Dungeon)

   Int:       It affects your intelligence (+2).
   rPois:     It protects you from poison.
   rCorr:     It protects you from acid and corrosion.
   Will:      It decreases your willpower.
 m - a +0 cloak
 p - a +2 tower shield
 F - +2 pearl dragon scales
 I - the +1 gold dragon scales of Sorcery (worn) {Rampage rElec rPois rF+ rC+ rCorr}
   (You acquired it on level 10 of the Dungeon)

   rF:        It protects you from fire.
   rC:        It protects you from cold.
   rElec:     It insulates you from electricity.
   rPois:     It protects you from poison.
   rCorr:     It protects you from acid and corrosion.
   Rampage:   It bestows one free step when moving towards enemies.
 K - the +10 tower shield of Ignorance (worn) {rN+ Int-4}
   (You bought it in a shop on level 14 of the Dungeon)

   Int:       It affects your intelligence (-4).
   rN:        It protects you from negative energy.
 N - the +4 storm dragon scales "Seih" {rElec rC- SInv Stlth+}
   (You found it on level 10 of the Dungeon)

   rC:        It makes you vulnerable to cold.
   rElec:     It insulates you from electricity.
   SInv:      It lets you see invisible.
   Stlth:     It makes you more stealthy.
 Y - the +3 hat of Pondering (worn) {ponderous, Will+ MP+10 Int+5}
   (You took it off Gastronok on level 3 of the Lair of Beasts)

   Int:       It affects your intelligence (+5).
   MP:        It affects your magic capacity (+10).
   Will:      It increases your willpower.
Jewellery
 d - an amulet of reflection (around neck)
 l - a ring of resist corrosion
 n - a +6 ring of strength
 q - a +4 ring of protection
 t - a +6 ring of strength
 E - a +4 ring of slaying (right claw)
 G - an amulet of guardian spirit
 J - a +6 ring of dexterity
 L - a +4 ring of protection
 O - a +6 ring of strength
 P - a +6 ring of intelligence
 W - the ring "Caozero" (left claw) {Fly rF- rN+ Will+++ rCorr Dex-5}
   (You found it on level 3 of the Lair of Beasts)

   [ring of positive energy]

   Dex:       It affects your dexterity (-5).
   rF:        It makes you vulnerable to fire.
   rN:        It protects you from negative energy.
   Fly:       It grants you flight.
   rCorr:     It protects you from acid and corrosion.
   Will:      It greatly increases your willpower.
Wands
 b - a wand of light (14)
 o - a wand of flame (32)
 v - a wand of polymorph (18)
 z - a wand of iceblast (22)
 D - a wand of paralysis (32)
Scrolls
 f - 9 scrolls of butterflies
 j - 3 scrolls of fear
 r - 5 scrolls of teleportation
 y - 3 scrolls of silence
 B - 17 scrolls of identify
 H - a scroll of enchant weapon
 M - 3 scrolls of poison
 Q - 2 scrolls of blinking
 R - a scroll of magic mapping
Potions
 a - 3 potions of haste
 c - 5 potions of might
 e - 2 potions of ambrosia
 i - 13 potions of curing
 k - 2 potions of berserk rage
 s - 2 potions of cancellation
 u - 10 potions of heal wounds
 w - 4 potions of resistance
 C - 4 potions of mutation
 X - a potion of invisibility
Miscellaneous
 g - a phantom mirror
 U - a phial of floods


   Skills:
 + Level 13.4 Fighting
 * Level 17.9 Maces & Flails
 * Level 13.4 Armour
 - Level 6.3 Dodging
 + Level 11.6 Shields
 + Level 13.2 Unarmed Combat


You had 15 spell levels left.
You didn't know any spells.
Your spell library contained the following spells:

 Spells                   Type           Power      Damage    Failure   Level
 Beastly Appendage        Tmut           0%         N/A       100%        1
 Foxfire                  Conj/Fire      0%         2x1d4     100%        1
 Necrotise                Necr           0%         1d4       100%        1
 Blink                    Tloc           0%         N/A       100%        2
 Momentum Strike          Conj/Tloc      0%         3d8       100%        2
 Scorch                   Fire           0%         2d5       100%        2
 Wereblood                Tmut           0%         N/A       100%        2
 Ignite Poison            Fire/Tmut/Pois 0%         N/A       100%        3
 Kindle Blastsparks       Fire/Tloc/Air  0%         2d10      100%        3
 Lesser Beckoning         Tloc           0%         N/A       100%        3
 Ozocubu's Armour         Ice            0%         N/A       100%        3
 Spider Form              Tmut/Pois      0%         N/A       100%        3
 Vampiric Draining        Necr           0%         2d6       100%        3
 Airstrike                Air            0%         2d(0-16)  100%        4
 Flame Wave               Conj/Fire      0%         2d4       100%        4
 Fulminant Prism          Conj/Hex       0%         3d6       100%        4
 Iskenderun's Mystic Bla  Conj/Tloc      0%         2d3       100%        4
 Sticky Flame             Conj/Fire      0%         2d3       100%        4
 Summon Lightning Spire   Summ/Air       0%         N/A       100%        4
 Agony                    Necr           0%         N/A       100%        5
 Fireball                 Conj/Fire      0%         3d3       100%        5
 Lee's Rapid Deconstruct  Erth           0%         3d5*      100%        5
 Lightning Bolt           Conj/Air       0%         1d11      100%        5
 Metabolic Englaciation   Hex/Ice        0%         N/A       100%        5
 Simulacrum               Ice/Necr       0%         N/A       100%        6
 Starburst                Conj/Fire      0%         6d3       100%        6
 Summon Cactus Giant      Summ           0%         N/A       100%        6
 Ignition                 Fire           0%         3d3       100%        8


Dungeon Overview and Level Annotations

Branches:
Dungeon (15/15)            Temple (1/1) D:7            Lair (5/5) D:11
  Swamp (3/4) Lair:3        Snake (0/4) Lair:3        Slime (0/5) Lair:5
    Orc (2/2) D:11            Elf (0/3) Orc:2        Vaults (0/5) D:13
 Depths (1/4) D:15          Sewer (visited)          Bailey (visited)
Volcano (visited)

Altars:
Ashenzari
Cheibriados
Dithmenos
Elyvilon
Fedhas
Gozag
Hepliaklqana
Kikubaaqudgha
Makhleb
Nemelex Xobeh
Okawaru
Qazlal
Ru
Sif Muna
Trog
Uskayaw
Vehumet
Wu Jian
Xom
Yredelemnul
Zin
The Shining One
Jiyva

Shops:
D:6 [   D:8 [   D:14 ([[*:   Orc:2 [(*:=([

Portals:
Trove: D:13 (show slimy rune of Zot)

Annotations:
D:10 exclusion: orange crystal statue
Swamp:3 1 runed translucent door, hellse's ghost, adept TrDe


Innate Abilities, Weirdness & Mutations

You are too large for most types of armour.
You have claws for hands.
Your natural rate of healing is unusually fast.
You are covered in fur. (AC +1)
You have tough skin. (AC +1)
You are somewhat resistant to further mutation.
You are robust. (+10% HP)


Message History

You block the seven-headed hydra's attack. x3
The seven-headed hydra bites you but does no damage.
The seven-headed hydra barely misses you.
You block the seven-headed hydra's attack.
The seven-headed hydra bites you!
* * * LOW HITPOINT WARNING * * *
Found 14 gold pieces.
The briar patch crumbles away. x2
The seven-headed hydra bites you but does no damage.
The seven-headed hydra bites you.
* * * LOW HITPOINT WARNING * * *
The seven-headed hydra bites you but does no damage. x3
The seven-headed hydra bites you!
* * * LOW HITPOINT WARNING * * *
You block the seven-headed hydra's attack.
You closely miss the swamp worm. The swamp worm bites you.
* * * LOW HITPOINT WARNING * * *
You block the seven-headed hydra's attack.
The seven-headed hydra bites you!
* * * LOW HITPOINT WARNING * * *
You emit a cloud of dark smoke.
The seven-headed hydra bites you but does no damage.
You block the seven-headed hydra's attack. x2
The seven-headed hydra bites you!
* * * LOW HITPOINT WARNING * * *
The seven-headed hydra bites you but does no damage.
You closely miss the swamp worm.
Your shadow hits the swamp worm with a morningstar!
You block the swamp worm's attack.
You block the seven-headed hydra's attack.
The seven-headed hydra bites you.
* * * LOW HITPOINT WARNING * * *
The seven-headed hydra bites you.
* * * LOW HITPOINT WARNING * * *
The seven-headed hydra bites you.
* * * LOW HITPOINT WARNING * * *
The seven-headed hydra bites you but does no damage.
The seven-headed hydra bites you!
* * * LOW HITPOINT WARNING * * *
You emit a cloud of dark smoke.
The seven-headed hydra bites you!
You die...

♣P~~~~~~.~...##⌠##.
♣P~~~.♣♣♣♣♣...###..
♣♣.~~.♣♣♣♣♣~.......
♣P..~.♣.~~.♣♣.....~
♣.~~.(§§~~~♣♣♣♣♣♣♣♣
♣♣~~.§P§~§.~♣
♣.§~[§§§P♣♣D.~.~
♣..§§§§D§P♣...~§
♣.~§§~w@§.♣ <§..
♣~~§.~§§§§...~~~
♣..§§.~~~~~~~~~.
♣....~§~~..~§~~
♣♣♣.~~~.~~~~~~~
♣~.~~~♣~~~~~~~
♣§~~~.♣ ♣♣.....
♣..~§~ ♣$.♣.


You could see a seven-headed hydra and a swamp worm.

Vanquished Creatures
  Jorgrun (Swamp:2)
  A tentacled monstrosity (Swamp:2)
  Gastronok (Lair:3)
  A thorn hunter (Swamp:3)
  A frost giant (Depths:1)
  The ghost of Valamore the Severer, a journeyman MiFi of Okawaru (Swamp:1)
  An orc warlord (Orc:2)
  3 very ugly things (Depths:1)
  An eleionoma (Swamp:1)
  3 bunyips
  Snorg (D:11)
  Harold (D:11)
  Erolcha (D:13)
  A vault guard (D:13)
  3 ghost crabs
  11 hydras
  An ice dragon (Lair:5)
  An ogre mage (D:15)
  6 boulder beetles
  6 two-headed ogres
  7 centaur warriors
  2 death knights (D:15)
  3 catoblepae
  A deep troll shaman (Depths:1)
  2 tengu warriors (D:14)
  3 alligators
  An orc high priest (Orc:2)
  Sonja (D:13)
  Urug (D:12)
  12 spriggans
  5 goliath frogs
  6 lindwurms
  A death drake (Swamp:3)
  3 spriggan druids
  3 swamp dragons
  A deep elf archer (Volcano)
  4 bog bodies
  7 orc knights (Orc:2)
  A wolf spider zombie (D:15)
  2 wizards
  4 orc sorcerers (Orc:2)
  A necromancer (D:15)
  8 deep elf pyromancers
  4 cyclopes
  A manticore (D:13)
  2 will-o-the-wisps (Swamp:2)
  12 ugly things
  4 oklob plants (Lair:2)
  Maurice (D:11)
  3 elephants (Lair:5)
  3 naga magi (D:15)
  Joseph (D:7)
  6 torpor snails
  An ice statue (D:14)
  2 black mambas (Lair:5)
  6 cane toads
  2 centaur skeletons (D:15)
  2 gargoyles (D:13)
  3 kobold demonologists
  A yaktaur (D:13)
  2 unseen horrors
  A tengu conjurer (D:14)
  3 rime drakes
  7 komodo dragons
  9 trolls
  8 blink frogs
  15 hornets
  11 polar bears
  4 slime creatures (D:12)
  6 tyrant leeches
  5 dream sheep
  4 raiju (Lair:5)
  Eustachio (D:4)
  5 fire elementals (Volcano)
  7 wyverns
  2 centaur simulacra
  2 shadows
  3 vampires
  A water elemental (D:14)
  2 wraiths
  15 vampire mosquitoes
  43 yaks
  Grum (D:9)
  3 steam dragons
  7 basilisks
  A redback simulacrum (D:15)
  11 swamp worms
  A naga (Lair:3)
  18 water moccasins
  10 wargs
  A floating eye (Lair:2)
  An acid dragon (D:12)
  14 hell hounds
  A swamp drake (Swamp:1)
  25 orc warriors
  2 sky beasts (D:7)
  17 black bears
  6 centaurs
  47 wolves
  7 ogres
  7 kobold brigands
  Blork the orc (D:6)
  10 bullfrogs
  A necrophage (D:7)
  3 gnoll sergeants
  2 scorpions
  11 wights (D:7)
  The ghost of ziggurnaut the Stinger, a weakling NaVM of Makhleb (D:3)
  A howler monkey (D:5)
  An iron imp (D:10)
  3 hounds
  6 jellies
  Crazy Yiuf (D:6)
  A gnoll bouda (D:8)
  17 orc priests
  2 iguanas (D:6)
  Terence (D:3)
  A hell rat (Sewer)
  14 orc wizards
  A boggart simulacrum (D:15)
  5 adders
  16 gnolls
  3 river rats (Sewer)
  2 shadow imps
  A white imp (D:6)
  3 ufetubi
  A worm (D:3)
  A dart slug (D:1)
  46 orcs
  8 endoplasms
  2 giant cockroaches
  8 hobgoblins
  4 quokkas
  4 ball pythons
  8 bats
  4 frilled lizards
  6 goblins
  32 kobolds
  9 rats
  2 briar patches (Swamp:3)
758 creatures vanquished.

Vanquished Creatures (others)
  5 bloated husks
  A swamp drake (Swamp:2)
  12 foxfires (Swamp:2)
  55 fungi
  68 plants
141 creatures vanquished.

Grand Total: 899 creatures vanquished

Notes
Turn   | Place    | Note
-------+----------+-------------------------------------------
     0 | D:1      | purpskrrrp the Troll Fighter began the quest for the Orb.
     0 | D:1      | Reached XP level 1. HP: 22/22 MP: 0/0
    51 | D:1      | Found a faded altar of an unknown god.
   332 | D:1      | Reached XP level 2. HP: 29/29 MP: 1/1
  1427 | D:2      | Reached XP level 3. HP: 36/36 MP: 2/2
  2005 | D:3      | Found a runed translucent door.
  2010 | D:3      | Noticed ziggurnaut's ghost (weakling NaVM)
  2151 | D:3      | Noticed Terence
  2161 | D:3      | Killed Terence
  2162 | D:3      | Reached XP level 4. HP: 36/44 MP: 3/3
  2557 | D:4      | Reached XP level 5. HP: 53/53 MP: 4/4
  2643 | D:4      | Found a glowing drain.
  2653 | Sewer    | Entered a sewer
  2852 | D:4      | Reached XP level 6. HP: 61/61 MP: 5/5
  2962 | D:4      | Identified the +7 hand axe of the Middle {vorpal, rC+}
  2965 | D:4      | Noticed Eustachio
  2976 | D:4      | Killed Eustachio
  3060 | D:4      | Found a bloodstained altar of Trog.
  3157 | D:5      | Entered Level 5 of the Dungeon
  3206 | D:5      | Found a sacrificial altar of Ru.
  3244 | D:5      | Reached skill level 5 in Unarmed Combat
  3244 | D:5      | Reached XP level 7. HP: 67/67 MP: 6/6
  3523 | D:5      | Found a basalt altar of Yredelemnul.
  3525 | D:5      | Noticed a profane servitor
  3566 | D:5      | Identified the +6 quarterstaff of Narrow Action {drain,
                  | *Corrode Will+ Str+2 Int+3}
  3764 | D:5      | Found a glowing golden altar of the Shining One.
  3766 | D:5      | Noticed an angel
  4324 | D:6      | Reached XP level 8. HP: 65/78 MP: 7/7
  4383 | D:6      | Found a runed translucent door.
  4384 | D:6      | Noticed Crazy Yiuf
  4467 | D:6      | Found Jassox's Armour Boutique.
  4468 | D:6      | Noticed Blork the orc
  4478 | D:6      | Killed Blork the orc
  4479 | D:6      | Reached skill level 5 in Shields
  4917 | D:6      | Killed Crazy Yiuf
  5001 | D:7      | Found the +10 morningstar "Eos" {elec, Halo rElec}
  5001 | D:7      | Found a burning altar of Makhleb.
  5029 | D:7      | Reached skill level 1 in Maces & Flails
  5082 | D:7      | Reached skill level 5 in Dodging
  5121 | D:7      | Reached skill level 2 in Maces & Flails
  5121 | D:7      | Reached XP level 9. HP: 87/87 MP: 8/8
  5123 | D:7      | Reached skill level 5 in Fighting
  5177 | D:7      | Noticed Joseph
  5184 | D:7      | Killed Joseph
  5185 | D:7      | Reached skill level 3 in Maces & Flails
  5391 | D:7      | Found a shimmering altar of Xom.
  5564 | D:7      | Found a staircase to the Ecumenical Temple.
  5655 | D:7      | Reached skill level 4 in Maces & Flails
  5838 | D:7      | Noticed an unseen horror
  5842 | D:7      | Killed an unseen horror
  5880 | D:7      | Reached XP level 10. HP: 96/98 MP: 9/9
  5936 | D:7      | Reached skill level 5 in Maces & Flails
  6083 | Temple   | Entered the Ecumenical Temple
  6298 | D:8      | Found a shadowy altar of Dithmenos.
  6445 | D:8      | Found Xefixkei's Antique Armour Shop.
  6450 | D:8      | Bought an embroidered scarf for 184 gold pieces
  6458 | D:8      | Found a broken altar of Ashenzari.
  6662 | D:8      | Found a hide-covered altar of Uskayaw.
  7289 | D:8      | Became a worshipper of Dithmenos the Shadowed
  7298 | D:9      | Found a flagged portal.
  7307 | Bailey   | Entered a bailey
  7433 | Bailey   | Reached skill level 6 in Maces & Flails
  7662 | Bailey   | Identified 3 scrolls of acquirement
  7662 | Bailey   | Acquired a manual of Fighting
  7664 | Bailey   | Acquired a manual of Maces & Flails
  7666 | Bailey   | Acquired +2 pearl dragon scales
  7768 | D:9      | Reached * piety under Dithmenos
  7833 | D:9      | Noticed a two-headed ogre
  7838 | D:9      | Killed a two-headed ogre
  7839 | D:9      | Reached skill level 7 in Maces & Flails
  7839 | D:9      | Reached skill level 1 in Armour
  7924 | D:9      | Found a stormy altar of Qazlal.
  7956 | D:9      | Noticed a two-headed ogre
  7958 | D:9      | Killed a two-headed ogre
  7959 | D:9      | Reached XP level 11. HP: 103/107 MP: 10/10
  7966 | D:9      | Noticed Grum
  7972 | D:9      | Killed Grum
  8200 | D:9      | Found an ornate altar of the Wu Jian Council.
  8280 | D:9      | Paralysed by a hornet for 3 turns
  8436 | D:9      | Found an ancient bone altar of Kikubaaqudgha.
  8647 | D:10     | Entered Level 10 of the Dungeon
  8826 | D:10     | Noticed an orange crystal statue
  9082 | D:10     | Found an opulent altar of Gozag.
  9090 | D:10     | Noticed a two-headed ogre
  9134 | D:10     | Killed a two-headed ogre
  9135 | D:10     | Reached skill level 8 in Maces & Flails
  9350 | D:10     | Acquired a manual of Maces & Flails
  9437 | D:10     | Gained mutation: You are robust. (+10% HP) [potion of
                  | mutation]
  9437 | D:10     | Gained mutation: You are somewhat resistant to further
                  | mutation. [potion of mutation]
  9460 | D:10     | Identified the +4 storm dragon scales "Seih" {rElec rC-
                  | SInv Stlth+}
  9557 | D:10     | Found a snail-covered altar of Cheibriados.
  9586 | D:10     | Noticed a two-headed ogre
  9626 | D:10     | Acquired the +1 gold dragon scales of Sorcery {Rampage
                  | rElec rPois rF+ rC+ rCorr}
  9821 | D:3      | Killed ziggurnaut's ghost
  9821 | D:3      | Reached ** piety under Dithmenos
 10033 | D:11     | Found a staircase to the Lair.
 10033 | D:11     | Noticed Snorg
 10071 | D:11     | Noticed a purple ugly thing
 10199 | D:11     | Found a staircase to the Orcish Mines.
 10227 | D:11     | Noticed Maurice
 10240 | D:11     | Paralysed by Maurice for 3 turns
 10249 | D:11     | Killed Maurice
 10263 | D:11     | Reached skill level 9 in Maces & Flails
 10276 | D:11     | Killed a purple ugly thing
 10326 | D:11     | Killed Snorg
 10534 | D:11     | Reached *** piety under Dithmenos
 10711 | D:11     | Noticed Harold
 10722 | D:11     | Killed Harold
 10723 | D:11     | Reached skill level 10 in Maces & Flails
 10734 | D:11     | Noticed a boulder beetle
 10743 | D:11     | Killed a boulder beetle
 10815 | D:12     | Noticed a cyan ugly thing
 10826 | D:12     | Killed a cyan ugly thing
 10827 | D:12     | Reached skill level 5 in Armour
 10827 | D:12     | Reached XP level 12. HP: 128/132 MP: 11/11
 11116 | D:12     | Noticed a two-headed ogre
 11116 | D:12     | Noticed a two-headed ogre
 11310 | D:12     | Killed a two-headed ogre
 11311 | D:12     | Reached skill level 11 in Maces & Flails
 11311 | D:12     | Reached skill level 10 in Unarmed Combat
 11677 | D:12     | Killed a two-headed ogre
 11743 | D:12     | Noticed Urug
 11751 | D:12     | Killed Urug
 11942 | D:13     | Noticed Sonja
 11953 | D:13     | Noticed Erolcha
 12080 | Lair:1   | Entered Level 1 of the Lair of Beasts
 12080 | Lair:1   | Noticed a boulder beetle
 12088 | Lair:1   | Killed a boulder beetle
 12238 | Lair:1   | Reached **** piety under Dithmenos
 12255 | Lair:1   | Reached skill level 12 in Maces & Flails
 12545 | Lair:1   | Reached XP level 13. HP: 139/144 MP: 12/12
 13210 | Lair:2   | You fall into a shaft and drop 2 floors!
 13268 | Lair:4   | Reached skill level 13 in Maces & Flails
 13511 | Lair:4   | Reached skill level 10 in Fighting
 14148 | Lair:3   | Reached ***** piety under Dithmenos
 14161 | Lair:3   | Identified the +6 great sword of Magnificence {protect,
                  | Int-4 Dex+4}
 14166 | Lair:3   | Identified the ring "Caozero" {Fly rF- rN+ Will+++ rCorr
                  | Dex-5}
 14184 | Lair:3   | Noticed Gastronok
 14212 | Lair:3   | Killed Gastronok
 14259 | Lair:3   | Found a staircase to the Swamp.
 14302 | Lair:3   | Found a staircase to the Snake Pit.
 14326 | Lair:3   | Reached skill level 14 in Maces & Flails
 14340 | Lair:3   | Found a dark tunnel.
 14350 | Volcano  | Entered a volcano
 15338 | Lair:2   | Reached XP level 14. HP: 158/158 MP: 13/13
 15714 | Lair:2   | Identified the +2 sling of Reason {venom, SInv}
 15970 | Lair:5   | Entered Level 5 of the Lair of Beasts
 16002 | Lair:5   | Found a staircase to the Slime Pits.
 16003 | Lair:5   | Found a viscous altar of Jiyva.
 16139 | Lair:5   | Reached skill level 15 in Maces & Flails
 16238 | Lair:5   | Reached skill level 10 in Shields
 16248 | Lair:5   | Reached ****** piety under Dithmenos
 16593 | Lair:5   | Found a runed translucent door.
 16774 | Lair:5   | Paralysed by a hornet for 2 turns
 17877 | Orc:1    | Entered Level 1 of the Orcish Mines
 18375 | Orc:2    | Entered Level 2 of the Orcish Mines
 18409 | Orc:2    | Found Bani's Weapon Shoppe.
 18475 | Orc:2    | Reached skill level 16 in Maces & Flails
 18507 | Orc:2    | Found a staircase to the Elven Halls.
 18586 | Orc:2    | Found Reyzug's Antique Armour Boutique.
 18788 | Orc:2    | Noticed an orc warlord
 18799 | Orc:2    | Reached skill level 10 in Armour
 18825 | Orc:2    | Found Niyn's Jewellery Boutique.
 18937 | Orc:2    | Killed an orc warlord
 18939 | Orc:2    | Reached XP level 15. HP: 125/171 MP: 14/14
 18971 | Orc:2    | Lost intelligence.
 19304 | Orc:2    | Bought a +6 ring of intelligence for 396 gold pieces
 19381 | Orc:2    | Found Ecvizxay's General Store.
 19702 | Orc:2    | Found Disapeo's Book Boutique.
 19748 | Orc:2    | Found Joudogra's Antique Weapon Boutique.
 19796 | Orc:2    | Found Emmifocu's Antique Armour Boutique.
 19803 | Orc:2    | Bought a glowing cloak for 202 gold pieces
 20130 | D:13     | Found a gate to the Vaults.
 20185 | D:13     | Found a portal to a secret trove of treasure.
 20466 | D:13     | Killed Sonja
 20488 | D:13     | Killed Erolcha
 20716 | D:13     | Acquired a manual of Armour
 20834 | D:14     | Found Jaug's Book Shop.
 20846 | D:14     | Reached skill level 17 in Maces & Flails
 20871 | D:14     | Bought a manual of Invocations for 1280 gold pieces
 20914 | D:14     | Found Ohey's Armour Shop.
 20917 | D:14     | Bought the +10 tower shield of Ignorance {rN+ Int-4} for
                  | 687 gold pieces
 20917 | D:14     | Found the +10 tower shield of Ignorance {rN+ Int-4}
 20994 | D:14     | Found Ystryfa's Antique Armour Shoppe.
 21202 | D:14     | Identified the +0 chain mail of the Jackalope {Rampage}
 21206 | D:14     | Found Gisu's General Store.
 21212 | D:14     | Bought a scroll of brand weapon for 95 gold pieces
 21579 | D:14     | Found Ser Zire's Weapon Shoppe.
 21782 | D:15     | Entered Level 15 of the Dungeon
 22597 | D:15     | Found a staircase to the Depths.
 22616 | D:15     | Acquired the +2 cloak of Disguise {rPois Will- rCorr Int+2}
 22637 | Depths:1 | Entered Level 1 of the Depths
 22669 | Depths:1 | Noticed a frost giant
 22676 | Depths:1 | Killed a frost giant
 22934 | Swamp:1  | Entered Level 1 of the Swamp
 22966 | Swamp:1  | Reached XP level 16. HP: 135/183 MP: 15/15
 23227 | Swamp:1  | Found a runed translucent gate.
 23227 | Swamp:1  | Found a runed translucent gate.
 23227 | Swamp:1  | Found a runed translucent gate.
 23228 | Swamp:1  | Noticed Valamore's ghost (journeyman MiFi)
 23525 | Swamp:1  | Killed Valamore's ghost
 23732 | Swamp:2  | Noticed a tentacled monstrosity
 23742 | Swamp:2  | Killed a tentacled monstrosity
 24043 | Swamp:2  | Noticed Jorgrun
 24058 | Swamp:2  | Killed Jorgrun
 24534 | Swamp:3  | Found a bloodstained altar of Trog.
 24660 | Swamp:3  | Found a runed translucent door.
 24660 | Swamp:3  | Noticed hellse's ghost (adept TrDe)
 24720 | Swamp:3  | Noticed a thorn hunter
 24736 | Swamp:3  | Killed a thorn hunter
 24740 | Swamp:3  | HP: 6/187 [seven-headed hydra (11)]
 24740 | Swamp:3  | Slain by a seven-headed hydra

Illustrated notes

Levels and vault maps discovered:
D:1:      mrwooster_arrival_statue_2, layout_loops_corners,
          basic_ecumenical_altar
D:2:      layout_basic
D:3:      layout_rooms, ebering_ghost_sewer_d, kennysheep_generic_room_10,
          uniq_terence
D:4:      layout_cave_pools, trog_butcher_becter, portal_sewer_entry_d,
          uniq_eustachio
D:5:      layout_gridville, hangedman_ru_absence, grunt_temple_overflow_holy_war
D:6:      layout_basic, kennysheep_diamond, uniq_crazy_yiuf_cottage,
          uniq_blork_the_orc
D:7:      minmay_polygon_palace, layout_loops_ring,
          mainiacjoe_overflow_surrounded_room, bloody_makhleb,
          lemuel_temple_firewalk_a, minmay_statues_item, grunt_ministairs_12,
          uniq_joseph
D:8:      layout_layer_cave, eat_drink_and_be_merry_uskayaw,
          nicolae_dithmenos_through_a_glass_darkly, lemuel_tele_altar,
          serial_shops, shop_fountains
D:9:      layout_roguey, nicolae_qazlal_eye_of_the_storm,
          pdpol_wu_jian_five_deadly_venoms, lemuel_coloured_pillars_altar,
          enter_bailey_2, uniq_grum
D:10:     layout_roguey, slow_altar_2,
          mainiacjoe_overflow_concentric_impassable, minmay_protected_statue
D:11:     layout_small_grid, due_lair_maze_entry_diamond, orc_0_dummy,
          uniq_harold, uniq_maurice, uniq_snorg
D:12:     layout_basic, grunt_ministairs_4, st_stairs_2, uniq_urug
D:13:     layout_gridville, david_vaults_5, nicolae_trove_entry_free_sample,
          roderic_nine_men_s_morris, uniq_sonja, uniq_erolcha
D:14:     minmay_statue_hallways, layout_cave_pods, serial_shops, shop, shop,
          shop, shop, nicolae_shop_behind_doors, kennysheep_flooded_box,
          kennysheep_generic_room_6
D:15:     grunt_enter_depths_magical_seal, layout_loops_ring,
          kennysheep_two_boxes
Temple:   nicolae_temple_ecumenical_triangle
Lair:1:   layout_roguey
Lair:2:   layout_roguey, disabler_island
Lair:3:   layout_cave_pods, swamp_mist, guppyfry_snake_entry_island,
          nicolae_volcano_entry_hallway, minmay_lindwurm_lava,
          grunt_megastairs_1, uniq_gastronok
Lair:4:   layout_cellular_growth, minivault_26, lemuel_fruit_fields
Lair:5:   hangedman_lair_caniforms_friends, layout_cave_pods, wormcave,
          slime_entry_1, serial_bayou_shore_b
Swamp:1:  layout_falls_marsh, ebering_ghost_rock_garden,
          evilmike_swamp_ruin_house_6, swamp_pool3
Swamp:2:  layout_basic_swamp, nicolae_swamp_small_spring, swamp_pool4,
          infiniplex_staircase_pool, uniq_jorgrun
Swamp:3:  layout_basic_swamp, hellmonk_ghost_happy_afterlife,
          lemuel_altar_in_water2
Orc:1:    nicolae_orc_accident_3, layout_caves, mines1_david
Orc:2:    grunt_orc_cross, layout_caves, serial_shops, nicolae_shop_waterfront,
          nicolae_shop_hallway_stairs, guppyfry_orc_lava_fort
Depths:1: lemuel_castle_with_subvaults [lemuel_castle_interior_carwin_1],
          layout_gridville, hell_entry, roderic_serpentine_path,
          lemuel_statue_altar, minmay_the_grid_square_5x5_3x3_mashed
          [minmay_the_grid_square_5x5_intrusive_squares,
          minmay_the_grid_square_5x5_shrine2, minmay_the_grid_square_5x5_slash,
          minmay_the_grid_square_5x5_spiral_small,
          minmay_the_grid_square_5x5_megaprize_checkered,
          minmay_the_grid_square_5x5_three_small,
          minmay_the_grid_square_5x5_three_walls,
          minmay_the_grid_square_5x5_forky,
          minmay_the_grid_square_5x5_gyroscope], minmay_shop_grove

Skill      XL: |  1  2  3  4  5  6  7  8  9 10 11 12 13 14 15 16 |
---------------+-------------------------------------------------+-----
Shields        | 3 4 5 6 7 8 9 10 11 | 11.6
Unarmed Combat | 3 4 5 6 7 8 9 10 11 12 13 | 13.2
Fighting       | 3 4 5 6 8 9 10 11 12 13 | 13.4
Dodging        | 3 4 5 6 |  6.3
Maces & Flails | 2 4 7 10 12 14 16 17 | 17.9
Armour         | 2 5 6 8 10 12 13 | 13.4

Action                   |  1- 3 |  4- 6 |  7- 9 | 10-12 | 13-15 | 16-18 || total
-------------------------+-------+-------+-------+-------+-------+-------++-------
Melee: Unarmed           |   140 |   111 |   118 |       |       |       ||   369
       Morningstar       |       |       |    84 |   565 |  1095 |   246 ||  1990
  Use: Scroll            |     7 |     5 |       |    21 |    16 |     2 ||    51
       Potion            |       |       |       |     7 |     5 |       ||    12
 Stab: Sleeping          |     1 |     1 |       |       |       |       ||     2
       Distracted        |       |       |       |       |       |     1 ||     1
Armor: Robe              |    43 |    25 |    54 |    30 |       |       ||   152
       Pearl dragon scal |       |       |       |   106 |       |       ||   106
       Gold dragon scale |       |       |       |   278 |   620 |   120 ||  1018
Dodge: Dodged            |    35 |    17 |    53 |    97 |   100 |    12 ||   314
Block: Kite shield       |    83 |     5 |       |       |       |       ||    88
       Tower shield      |       |    70 |   223 |   708 |  1263 |   332 ||  2596
       Reflection        |       |       |    13 |    29 |    61 |     8 ||   111

Table legend: (Time is in decaauts)
 A = Elapsed time spent in this place.
 B = Non-inter-level travel time spent in this place.
 C = Inter-level travel time spent in this place.
 D = Time resting spent in this place.
 E = Time spent auto-exploring this place.
 F = Levels seen in this place.
 G = Mean time per level.
                   A        B        C        D        E       F      G
               +--------+--------+--------+--------+--------+-----+--------+
         Total |  25433 |  22885 |   2548 |   1368 |  16249 |  30 |  847.8 |
       Dungeon |  14658 |  12852 |   1806 |    465 |   9782 |  15 |  977.2 |
        Temple |     58 |     49 |      9 |      0 |     21 |   1 |   58.0 |
          Lair |   5618 |   5067 |    551 |    156 |   3737 |   5 | 1123.6 |
         Swamp |   1880 |   1849 |     31 |    174 |   1237 |   3 |  626.7 |
  Orcish Mines |   2305 |   2166 |    139 |    537 |   1168 |   2 | 1152.5 |
        Depths |    113 |    102 |     11 |     11 |     32 |   1 |  113.0 |
         Sewer |    126 |    126 |      0 |      0 |     52 |   1 |  126.0 |
        Bailey |    424 |    424 |      0 |      0 |    183 |   1 |  424.0 |
       Volcano |    246 |    246 |      0 |     24 |     34 |   1 |  246.0 |
               +--------+--------+--------+--------+--------+-----+--------+

Top non-repeatable levels by time:
  Lair:5: 1809 daAuts
   Orc:2: 1660 daAuts
     D:7: 1231 daAuts
    D:12: 1199 daAuts
    D:14: 1159 daAuts
    D:10: 1148 daAuts
     D:8: 1146 daAuts
     D:2: 1064 daAuts
     D:5: 1043 daAuts
  Lair:3: 1016 daAuts
     D:9: 1008 daAuts
  Lair:4: 979 daAuts
    D:15: 959 daAuts
  Lair:1: 950 daAuts
     D:6: 928 daAuts
